Map: Inside and Out

Players

Future

  • Race: Terran Terran
  • Spawn Location: 1:00

DnS - Winner!

  • Race: Protoss Protoss
  • Spawn Location: 7:00

Event: DreamHack SC2 Masters 2022 Atlanta (Offline)

VOD

Have the link to the VOD?

Description

Time

  • Played on: Nov. 18, 2022, 1:33 p.m.
  • Length: 8:14

All games in this series

Show
View Real Time Build Order
Export as new Build Order

Future Terran 

Build Orders:  

Get SALT Encoding   

  12  0:00  SCV  
  13  0:12  SCV  
  14  0:17  Supply Depot  
  14  0:24  SCV  
  15  0:38  SCV  
  15  0:39  Barracks  
  16  0:46  Refinery  
  16  0:51  SCV  
  16  0:55  Refinery  
  17  1:03  SCV  
  18  1:15  SCV  
  19  1:26  Reaper  
  19  1:27  Orbital Command  
  20  1:36  Supply Depot  
  20  1:45  Factory  
  20  1:52  SCV  
  21  2:01  Reaper  
  22  2:05  SCV  
  23  2:13  Engineering Bay  
  23  2:17  SCV  
  24  2:29  SCV, Factory Tech Lab  
  25  2:37  Command Center  
  25  2:42  SCV  
  26  2:44  Starport  
  26  2:48  Widow Mine  
  28  2:54  SCV  
  29  3:06  SCV  
  29  3:10  Marine  
  31  3:14  Supply Depot  
  31  3:18  SCV  
  31  3:19  Cyclone  
  33  3:27  Marine  
  33  3:30  SCV  
  33  3:42  Viking  
  33  3:46  Marine  
  33  3:56  SCV  
  34  4:07  Orbital Command  
  33  4:10  SCV  
  33  4:14  Barracks Reactor  
  33  4:21  Siege Tank  
  36  4:24  SCV  
  30  4:47  SCV  
  30  4:50  SCV, Marine x2  
  34  4:59  Starport Tech Lab  
  35  5:00  SCV  
  34  5:09  Marine  
  34  5:10  Siege Tank  
  33  5:18  Marine  
  34  5:22  Viking  
  34  5:27  Marine  
  37  5:36  Marine  
  37  5:44  Marine  
  31  5:53  Marine  
  31  5:54  SCV  
  31  5:55  SCV  
  32  5:58  Viking  
  32  6:02  Marine  
  34  6:10  SCV x2  
  36  6:11  Marine  
  37  6:20  Marine  
  37  6:24  Siege Tank  
  41  6:33  Supply Depot  
  41  6:34  Supply Depot  
  41  6:42  Orbital Command  
  41  6:50  Supply Depot  
  41  6:54  Viking, Marine x2  
  45  7:06  SCV  
  45  7:12  SCV, Marine x2  
  45  7:15  Siege Tank  
  51  7:18  SCV  
  52  7:24  SCV  
  52  7:28  Supply Depot  
  52  7:29  Bunker  
  53  7:30  SCV  
  53  7:31  Marine x2  
  53  7:36  SCV  
  57  7:38  Supply Depot  
  57  7:42  Supply Depot, SCV  
  58  7:48  SCV  
  59  7:54  SCV  
  57  8:01  SCV  
  57  8:02  Barracks  
  58  8:08  Starport Reactor  
Show
View Real Time Build Order
Export as new Build Order

DnS Protoss - Winner!

Build Orders:  

Get SALT Encoding   

  12  0:00  Probe  
  13  0:12  Probe  
  14  0:20  Pylon  
  14  0:24  Probe  
  15  0:38  Probe, Pylon  
  16  0:45  Gateway  
  16  0:50  Probe  
  16  0:55  Assimilator  
  17  1:06  Gateway  
  17  1:09  Probe  
  18  1:21  Probe  
  19  1:32  Zealot (Chrono Boost)  
  19  1:34  Cybernetics Core  
  19  1:37  Probe  
  22  1:42  Pylon  
  22  1:49  Probe  
  22  1:51  Assimilator  
  24  2:01  Probe  
  24  2:09  Stalker (Chrono Boost)  
  24  2:10  Adept (Chrono Boost)  
  24  2:14  Warp Gate (Chrono Boost), Probe  
  28  2:26  Probe  
  29  2:33  Stalker, Pylon  
  31  2:42  Stalker  
  33  2:50  Probe  
  34  3:02  Probe  
  34  3:04  Stargate  
  33  3:25  Probe  
  34  3:28  Stalker  
  36  3:37  Probe  
  36  3:39  Nexus  
  35  3:59  Stalker  
  35  4:02  Probe  
  34  4:07  Stalker  
  34  4:09  Phoenix (Chrono Boost)  
  38  4:14  Probe  
  39  4:18  Pylon  
  39  4:26  Probe  
  39  4:27  Stalker  
  42  4:38  Phoenix (Chrono Boost)  
  44  4:44  Probe  
  45  4:48  Stalker  
  45  4:52  Stalker  
  49  4:53  Probe  
  49  4:58  Probe  
  51  5:11  Probe  
  51  5:12  Phoenix (Chrono Boost), Probe  
  53  5:17  Adept x2  
  57  5:23  Probe  
  57  5:25  Pylon  
  57  5:28  Probe  
  59  5:35  Probe  
  60  5:42  Probe  
  61  5:45  Phoenix (Chrono Boost)  
  61  5:47  Probe  
  62  5:54  Probe  
  62  5:55  Twilight Council  
  61  5:59  Probe  
  60  6:04  Adept x2  
  60  6:06  Probe  
  60  6:07  Phoenix (Chrono Boost)  
  60  6:09  Pylon  
  67  6:16  Nexus  
  67  6:18  Probe  
  68  6:29  Charge (Chrono Boost)  
  68  6:31  Probe x2  
  70  6:34  Assimilator  
  70  6:37  Pylon  
  70  6:43  Phoenix  
  70  6:44  Probe  
  73  6:47  Probe  
  74  6:54  Gateway  
  74  6:55  Gateway  
  74  6:56  Probe  
  74  6:58  Zealot x2  
  74  6:59  Probe  
  78  7:10  Phoenix, Probe  
  78  7:12  Probe  
  80  7:20  Gateway  
  80  7:24  Gateway  
  80  7:28  Probe  
  81  7:30  Gateway, Probe  
  81  7:31  Probe, Gateway  
  83  7:38  Gateway  
  83  7:40  Probe  
  83  7:42  Probe  
  83  7:43  Gateway  
  83  7:44  Probe  
  86  7:47  Phoenix  
  88  7:57  Zealot x3  
  94  8:00  Zealot  
  94  8:05  Pylon  
Tags
 
Add a new tag
Caveats
  • Supply blocks, unpowered buildings, or Contaminate may cause inaccurate times.
  • Supply counts are checked every 10 seconds.